Map: Acropolis LE

Players

Mez

  • Race: Terran Terran
  • League: Master
  • Spawn Location: 11:00

A.I. 1 (Very Easy) - Winner!

  • Race: Terran Terran
  • Spawn Location: 5:00

VOD

Have the link to the VOD?

Description

Time

  • Played on: Aug. 26, 2019, 6:55 p.m.
  • Length: 9:35
Show
View Real Time Build Order
Export as new Build Order

Mez Terran 

Build Orders: Liberator Opening, Reaper Expand 

Get SALT Encoding   

  12  0:01  SCV  
  13  0:13  SCV  
  14  0:17  Supply Depot  
  14  0:25  SCV  
  15  0:39  SCV  
  15  0:40  Barracks  
  16  0:45  Refinery  
  16  0:51  SCV  
  17  1:03  SCV  
  18  1:15  SCV  
  19  1:29  Orbital Command, Reaper  
  20  1:40  Command Center  
  20  1:48  Supply Depot  
  20  1:55  SCV  
  20  2:00  Marine  
  22  2:07  SCV  
  23  2:11  Factory  
  23  2:16  Refinery  
  23  2:19  SCV  
  24  2:24  Barracks Reactor  
  24  2:31  SCV  
  25  2:43  SCV  
  26  2:53  Orbital Command  
  26  2:56  SCV  
  26  2:58  Starport  
  27  3:04  Hellion x2  
  31  3:08  Barracks Tech Lab  
  31  3:10  SCV  
  31  3:12  Supply Depot  
  32  3:19  Liberator, SCV  
  33  3:22  SCV  
  33  3:25  Hellion  
  33  3:26  Hellion  
  38  3:31  SCV  
  40  3:34  SCV  
  40  3:41  Marine  
  44  3:47  Hellion x2  
  48  3:49  SCV x2  
  48  3:54  Supply Depot  
  50  3:56  Stimpack  
  50  4:01  SCV x2  
  52  4:07  Marine  
  53  4:20  Command Center, SCV x2  
  55  4:31  Barracks  
  55  4:32  SCV x2  
  55  4:35  Barracks  
  55  4:37  Starport Reactor  
  57  4:40  Factory Reactor  
  57  4:42  Marine  
  57  4:44  SCV x2  
  60  4:47  Supply Depot  
  60  4:56  SCV x2  
  62  5:00  Engineering Bay  
  62  5:02  Engineering Bay  
  62  5:08  Marine  
  62  5:12  Barracks  
  62  5:13  Barracks  
  63  5:15  Supply Depot  
  63  5:21  Refinery  
  63  5:22  Refinery  
  63  5:23  Marine x2  
  63  5:24  Factory Tech Lab  
  65  5:28  Medivac x2  
  65  5:30  Marine  
  65  5:31  Marine x2  
  65  5:35  Terran Infantry Weapons Level 1  
  72  5:37  Terran Infantry Armor Level 1  
  72  5:40  Orbital Command  
  72  5:46  Marine x2  
  72  5:48  Marine  
  75  5:50  Siege Tank  
  75  5:52  SCV x2  
  80  5:57  Supply Depot  
  80  6:00  Supply Depot  
  80  6:01  Marine  
  80  6:03  Orbital Command, Barracks Reactor x2  
  81  6:17  Marine x4  
  85  6:20  Armory  
  85  6:21  Supply Depot  
  85  6:22  Siege Tank  
  88  6:29  SCV x3  
  88  6:32  Medivac  
  93  6:35  Medivac  
  95  6:41  Marine x6, SCV x2  
  95  6:43  Marine x2  
  105  6:50  Supply Depot  
  105  6:52  SCV  
  105  6:53  SCV  
  107  6:56  Supply Depot  
  107  6:58  Siege Tank  
  107  6:59  Marine x3  
  107  7:01  SCV  
  114  7:03  Marine x2  
  114  7:05  Combat Shield  
  114  7:07  Marine  
  117  7:12  Marine  
  118  7:16  Marine x2  
  118  7:17  Marine  
  118  7:21  SCV x3  
  128  7:23  Refinery  
  128  7:25  Supply Depot, Refinery  
  128  7:27  Supply Depot  
  124  7:37  SCV x3  
  124  7:39  Siege Tank  
  124  7:44  Marine x3  
  131  7:47  Marine x5  
  131  7:49  SCV  
  131  7:50  Supply Depot  
  131  7:51  Supply Depot  
  139  7:54  SCV x2  
  139  7:56  Medivac  
  139  7:58  Medivac  
  145  8:05  SCV  
  146  8:06  SCV  
  146  8:10  Marine  
  146  8:11  Marine x4  
  146  8:12  Siege Tank  
  155  8:13  Marine x2  
  155  8:16  Marine  
  158  8:20  SCV  
  158  8:24  Supply Depot  
  158  8:26  Supply Depot  
  159  8:30  Factory  
  159  8:36  Medivac x2  
  159  8:37  Marine x2  
  165  8:46  Marine x5, Siege Tank  
  165  8:47  Marine x2, SCV x2, Supply Depot  
  177  8:50  Supply Depot  
  177  8:55  Marine  
  177  9:00  Marine  
  179  9:03  Marine  
  179  9:06  Marine  
  179  9:08  Command Center  
  179  9:09  Marine x5  
  186  9:13  Marine  
  191  9:20  Barracks  
  191  9:21  Barracks  
  191  9:23  Factory Tech Lab  
  191  9:24  Barracks, Factory Reactor  
Show
View Real Time Build Order
Export as new Build Order

A.I. 1 (Very Easy) Terran - Winner!

Build Orders:  

Get SALT Encoding   

  12  0:00  SCV  
  13  0:13  SCV  
  14  0:17  Supply Depot  
  14  0:37  Refinery  
  14  0:42  Barracks  
  14  1:03  Supply Depot  
  14  1:12  Refinery  
  14  1:30  Marine, Orbital Command  
  15  1:49  Barracks Tech Lab  
  15  1:55  SCV  
  16  2:07  SCV  
  17  2:11  Marine  
  18  2:19  SCV  
  19  2:32  SCV  
  20  2:44  SCV  
  21  2:53  Marauder  
  21  2:56  SCV  
  23  4:17  SCV  
  24  4:44  SCV  
  24  5:02  Marine, SCV  
  23  5:09  Supply Depot  
  23  5:32  Marauder  
  25  6:13  Marine  
  26  6:24  SCV  
  27  6:26  Factory  
  27  6:28  Supply Depot  
  27  6:31  Command Center  
  27  6:36  SCV  
  23  6:47  Marine  
  23  6:48  SCV  
  25  7:00  SCV  
  26  7:11  Starport  
  26  7:12  SCV  
  26  7:21  Marine  
  27  7:44  SCV  
  28  7:51  SCV  
  28  7:55  Refinery, Starport Tech Lab  
  28  7:56  Marauder  
  28  7:57  Refinery  
  31  7:58  SCV  
  32  8:06  SCV  
  33  8:13  SCV  
  33  8:14  Raven  
  36  8:20  SCV  
  37  8:27  SCV  
  37  8:30  Marine  
  39  8:34  SCV  
  40  8:42  SCV  
  41  8:49  SCV  
  42  8:56  SCV  
  45  9:03  SCV  
  45  9:04  Marine  
  47  9:10  SCV  
  48  9:17  SCV  
Tags
 
Add a new tag
Caveats
  • Supply blocks, unpowered buildings, or Contaminate may cause inaccurate times.
  • Supply counts are checked every 10 seconds.